 Dungeon Crawl Stone Soup version 0.29.1-15-g9cfb28693d (webtiles) character file.

Game seed: 3488570798262483142

593 bnorton916 the Magician (level 7, -9/36 HPs)
             Began as a Deep Elf Fire Elementalist on Feb 21, 2023.
             Mangled by a gnoll sergeant
             ... wielding a +0 trident
              (10 damage)
             ... on level 4 of the Dungeon.
             The game lasted 00:05:24 (5957 turns).

bnorton916 the Magician (DEFE)                      Turns: 5957, Time: 00:05:24

Health: -9/36      AC:  3    Str:  5    XL:     7   Next: 16%
Magic:  16/18      EV:  6    Int: 22    God:
Gold:   291        SH:  0    Dex: 15    Spells: 9/19 levels left

rFire   . . .      SeeInvis .   e - +0 hand axe (vamp)
rCold   . . .      Faith    .   (no shield)
rNeg    . . .      Spirit   .   a - +0 robe
rPois   .          Reflect  .   (no helmet)
rElec   .          Harm     .   (no cloak)
rCorr   .          Rampage  .   l - +0 pair of gloves
Will    .....                   (no boots)
Stlth   ++........              (no amulet)
HPRegen 0.12/turn               (no ring)
MPRegen 0.16/turn               (no ring)

@: held
A: no striking features
a: no special abilities


You were on level 4 of the Dungeon.
You visited 1 branch of the dungeon, and saw 4 of its levels.

You collected 291 gold pieces.

Inventory:

Hand Weapons
 e - a +0 vampiric hand axe (weapon)
Missiles
 k - 5 poisoned darts
Armour
 a - a +0 robe (worn)
 l - a +0 pair of gloves (worn)
Jewellery
 d - a ring of ice
 j - a ring of poison resistance
 p - a ring of ice
Scrolls
 c - a scroll of magic mapping
 f - a scroll of torment
 g - 2 scrolls of identify
 q - a scroll of enchant armour
 s - a scroll of vulnerability
Potions
 b - a potion of magic
 i - a potion of degeneration {unknown}
 m - a potion of haste {unknown}
 n - 4 potions of curing {unknown}
 o - a potion of mutation {unknown}
 r - a potion of ambrosia {unknown}


   Skills:
 - Level 2.4 Dodging
 - Level 2.4 Stealth
 + Level 6.5 Spellcasting
 + Level 4.8 Conjurations
 + Level 5.9 Fire Magic


You had 9 spell levels left.
You knew the following spells:

 Your Spells              Type           Power      Damage    Failure   Level
a - Foxfire               Conj/Fire      100%       2x1d9     1%          1
b - Scorch                Fire           66%        2d8       1%          2
c - Conjure Flame         Conj/Fire      30%        6-21      2%          3
d - Flame Wave            Conj/Fire      30%        2d9       10%         4

Your spell library contained the following spells:

 Spells                   Type           Power      Damage    Failure   Level
 Inner Flame              Hex/Fire       20%        N/A       8%          3
 Apportation              Tloc           14%        N/A       9%          1
 Summon Small Mammal      Summ           28%        N/A       9%          1
 Call Canine Familiar     Summ           7%         N/A       26%         3
 Summon Guardian Golem    Hex/Summ       7%         N/A       26%         3
 Alistair's Intoxication  Tmut/Pois      4%         N/A       94%         5


Dungeon Overview and Level Annotations

Branches:
Dungeon (4/15)
 Temple: D:4-7

Altars:
Okawaru
Vehumet

Shops:
D:1 *

Annotations:
D:4 2 runed translucent doors, sigtrap's ghost, amateur DjHW


Message History

Flames lash the gnoll sergeant.
The gnoll sergeant is lightly wounded.
The gnoll sergeant's fire resistance burns away.
The gnoll sergeant hits you from afar with a +0 trident!
The gnoll sergeant hits you from afar with a +0 trident!
Unknown command.
The gnoll sergeant is no longer more vulnerable to fire.
The gnoll sergeant throws a throwing net.
The throwing net hits you.
You become entangled in the net!
You see here a throwing net.
You struggle against the net.
You struggle against the net.
The gnoll sergeant hits you from afar with a +0 trident!
* * * LOW HITPOINT WARNING * * *
Okay, then.
Unknown command.
Okay, then.
Unknown command.
Unknown command.
Unknown command.
Press: ? - help, v - describe, . - travel, g - get item
Here: a gnoll sergeant, wielding a +0 trident, wearing a +0 scale mail and wearing a +0 buckler (lightly wounded) Item here: a +0 giant club.
The floor, spattered with blood.
Unknown command.
Unknown command.
Unknown command.
Unknown command.
Unknown command.
Unknown command.
Unknown command.
Unknown command.
Sorry, you're not good enough to have a special ability.
Unknown command.
Unknown command.
As you read the scroll labelled RASYAXT HEEPA, it crumbles to dust.
The creatures around you are filled with an inner flame!
It was a scroll of immolation.
The gnoll sergeant hits you from afar with a +0 trident!
You die...

..#**,#......##*,,,,,,,*
...**,#......#*#.#******
.*,**,#......##...,,*
,*,,**#####..8##.#*,* ,*,*,*
#..###.#*,* ,*,*,** #..#
#.#*,* ,*,**,* #..###.#*,*
,*,**,***##..8##.#*,*
,+,+,,,,,#...##.@#*,*
,*,**,##.#...##..#*,*
.*.#*.#.......g..#*,********
.*.#.*####.###...#*,,,,,,,,*
.*.#.***#..* #..)#********,*
.*..**,....**#...# *,*
.#.#*,.##..*,....#*** *,*
...,,...#..*.#...#,,* *,*
#.#**...#,,*,#...#,,* *,*


You could see a gnoll sergeant (inner flame).

Vanquished Creatures
  A sky beast (D:3)
  An ogre (D:4)
  A phantom (D:4)
  A scorpion (D:4)
  A jelly (D:4)
  A hound (D:4)
  An orc wizard (D:4)
  3 gnolls (D:4)
  6 adders
  3 worms (D:2)
  3 dart slugs
  11 orcs
  5 bats
  7 endoplasms
  6 giant cockroaches
  2 goblins
  5 hobgoblins
  2 jackals (D:2)
  8 quokkas
  7 ball pythons
  8 frilled lizards
  8 kobolds
  11 rats
102 creatures vanquished.

Vanquished Creatures (collateral kills)
  2 foxfires (D:1)
2 creatures vanquished.

Vanquished Creatures (others)
  477 foxfires
  2 plants (D:1)
479 creatures vanquished.

Grand Total: 583 creatures vanquished

Notes
Turn   | Place    | Note
-------+----------+-------------------------------------------
     0 | D:1      | bnorton916 the Deep Elf Fire Elementalist began the quest
                  | for the Orb.
     0 | D:1      | Reached XP level 1. HP: 10/10 MP: 6/6
   321 | D:1      | Found Wihoicvo's Assorted Antiques.
   364 | D:1      | Reached XP level 2. HP: 15/15 MP: 6/8
  1305 | D:1      | Reached XP level 3. HP: 19/19 MP: 8/10
  1797 | D:2      | Found a faded altar of an unknown god.
  1967 | D:2      | Learned a level 2 spell: Scorch
  1971 | D:2      | Learned a level 3 spell: Conjure Flame
  2325 | D:2      | Reached skill level 4 in Spellcasting
  2616 | D:2      | Reached XP level 4. HP: 24/24 MP: 7/12
  3144 | D:3      | Noticed a sky beast
  3158 | D:3      | Killed a sky beast
  3159 | D:3      | Reached skill level 5 in Spellcasting
  3159 | D:3      | Reached XP level 5. HP: 28/28 MP: 1/14
  3165 | D:3      | Learned a level 4 spell: Flame Wave
  3919 | D:3      | Found an iron altar of Okawaru.
  4456 | D:4      | Found a large runed translucent door.
  4457 | D:4      | Found a large runed translucent door.
  4461 | D:4      | Noticed sigtrap's ghost (amateur DjHW)
  4508 | D:4      | Reached skill level 5 in Fire Magic
  4535 | D:4      | Reached XP level 6. HP: 10/32 MP: 1/16
  5021 | D:4      | Found a radiant altar of Vehumet.
  5662 | D:4      | Reached skill level 6 in Spellcasting
  5839 | D:4      | Reached XP level 7. HP: 15/36 MP: 11/18
  5956 | D:4      | HP: 1/36 [gnoll sergeant/+0 trident (10)]
  5957 | D:4      | Mangled by a gnoll sergeant

Illustrated notes

Levels and vault maps discovered:
D:1:      psy_arrival_statuary, layout_loops_corners, serial_bayou,
          serial_bayou_pond_e, serial_bayou_lagoon_a, serial_bayou_ford_a,
          serial_bayou_pond_b, serial_shops, nicolae_shop_waterfront
D:2:      layout_loops_ring, ebering_ecumenical_altar_ruins, minmay_cut_off
D:3:      layout_loops_ring, okawaru_gym_becter, st_stairs_8
D:4:      layout_basic, kennysheep_little_box, serial_corexii_hall,
          corexii_hall_statues_l, chequers_hall_statues_wall_a,
          chequers_hall_statues_corner_a, corexii_hall_statues_t,
          corexii_hall_statues_i, corexii_hall_statues_t,
          ebering_ghost_disaster_area, interstate_on_off,
          nicolae_concentric_dashed_squares_wild

Skill      XL: |  1  2  3  4  5  6 |
---------------+-------------------+-----
Conjurations   | 2 3 4 |  4.8
Spellcasting   | 4 5 6 |  6.5
Fire Magic     | 4 5 |  5.9
Dodging        | |  2.4
Stealth        | |  2.4

Action                   |  1- 3 |  4- 6 |  7- 9 || total
-------------------------+-------+-------+-------++-------
Melee: Hand axe          |       |     4 |       ||     4
 Cast: Foxfire           |   162 |   134 |     1 ||   297
       Scorch            |     3 |    27 |     1 ||    31
       Conjure Flame     |       |     1 |       ||     1
  Use: Scroll            |       |     6 |     1 ||     7
Armor: Robe              |     4 |     3 |       ||     7
Dodge: Dodged            |    24 |    27 |     1 ||    52
